 Dungeon Crawl Stone Soup version 0.30-a0-364-gf6b3ef1049 (webtiles) character file.

Game seed: 6176294678097603214

2 NinjaNoafa the Shield-Bearer (level 1, -1/13 HPs)
             Began as a Demonspawn Wanderer on Nov 15, 2022.
             Slain by a gnoll
             ... wielding a +0 spear
              (4 damage)
             ... on level 1 of the Dungeon.
             The game lasted 00:00:36 (49 turns).

NinjaNoafa the Shield-Bearer (Demonspawn Wanderer)    Turns: 49, Time: 00:00:37

Health: -1/13      AC:  5    Str:  9    XL:     1   Next: 33%
Magic:  2/2        EV: 10    Int: 12    God:
Gold:   0          SH:  5    Dex: 16    Spells: 1/2 levels left

rFire   . . .      SeeInvis .    a - +0 dagger
rCold   . . .      Faith    .    e - +0 buckler {AC+3}
rNeg    . . .      Spirit   .    d - +0 robe
rPois   .          Reflect  .    (no helmet)
rElec   .          Harm     .    (no cloak)
rCorr   .          Rampage  .    (no gloves)
Will    .....                    (no boots)
Stlth   +.........               (no amulet)
HPRegen 0.22/turn                (no ring)
MPRegen 0.08/turn                (no ring)

@: no status effects
A: no striking features
a: no special abilities


You were on level 1 of the Dungeon.
You visited 1 branch of the dungeon, and saw 1 of its levels.

Inventory:

Hand Weapons
 a - a +0 dagger (weapon)
Armour
 d - a +0 robe (worn)
 e - a +0 buckler of protection (worn)
Scrolls
 c - a scroll of butterflies
 f - a scroll of vulnerability {unknown}
 g - a scroll of identify {unknown}
Miscellaneous
 b - a piece from Xom's chessboard (15/15)


   Skills:
 - Level 1.0 Armour
 - Level 3.6 Shields
 + Level 1.0 Spellcasting
 + Level 0.2 Conjurations
 * Level 1.3 Necromancy
 - Level 3.0 Evocations


You had one spell level left.
You knew the following spells:

 Your Spells              Type           Power      Damage    Failure   Level
a - Kiss of Death         Conj/Necr      8%         2d6       28%         1

Your spell library contained the following spells:

 Spells                   Type           Power      Damage    Failure   Level
 Vampiric Draining        Necr           3%         2d6       56%         3


Dungeon Overview and Level Annotations

Branches:
Dungeon (1/15)

Altars:


Message History

The endoplasm is almost dead.
You block the endoplasm's attack.
You hit the endoplasm.
You kill the endoplasm!
Your movement speed is average.
Your attack delay is about 1.0.
Your damage rating with your +0 dagger is about 4 (Base 4 x 115% (Dex) x 100% (Skill)).
f - a scroll labelled JECUOTEDDI A goblin comes into view.
It is wielding a +0 dagger.
A goblin is nearby!
A frilled lizard comes into view.
You see here a scroll labelled MUAKOH JUIWUVIH.
A gnoll comes into view. It is wielding a +0 spear.
Found 6 gold pieces.
The gnoll shouts!
The goblin shouts!
The frilled lizard hisses angrily.
Found a scroll labelled CUOSTRY GAUMM.
The goblin hits you but does no damage.
The gnoll hits you from afar with a +0 spear.
You hit the goblin but do no damage. The goblin closely misses you.
The gnoll barely misses you.
You closely miss the goblin. You block the goblin's attack.
The gnoll hits you from afar with a +0 spear.
* * * LOW HITPOINT WARNING * * *
The frilled lizard attacks as you move away!
The frilled lizard bites you but does no damage.
The goblin attacks as you move away! The goblin hits you but does no damage.
You hit the goblin.
The goblin is severely wounded.
The goblin hits you with a +0 dagger.
* * * LOW HITPOINT WARNING * * *
The frilled lizard barely misses you.
You hit the goblin.
You kill the goblin!
The frilled lizard bites you but does no damage.
You see here a scroll labelled MUAKOH JUIWUVIH.
g - a scroll labelled MUAKOH JUIWUVIH The gnoll barely misses you.
The frilled lizard barely misses you.
You hit the frilled lizard.
The frilled lizard is heavily wounded.
The frilled lizard closely misses you.
The gnoll hits you from afar with a +0 spear.
You die...

######........
#.............
#.............
#.............
###.$...........
................
.......g).......
###....#l.......
#..###@.......
##.............
#...........#..
#.##......#......#
#.........###.#.##
## .###........#.#
#...##...#####.#..
..#.....######...#
.....##.##......##


You could see a gnoll and a frilled lizard.

Vanquished Creatures
  An endoplasm (D:1)
  A goblin (D:1)
2 creatures vanquished.

Notes
Turn   | Place    | Note
-------+----------+-------------------------------------------
     0 | D:1      | NinjaNoafa the Demonspawn Wanderer began the quest for the
                  | Orb.
     0 | D:1      | NinjaNoafa set off with the following items: a +0 dagger, a
                  | piece from Xom's chessboard (15/15), a scroll of
                  | butterflies, a +0 robe, a +0 buckler of protection; and the
                  | following spell memorised: Kiss of Death; and the following
                  | spells available to memorise: Vampiric Draining.
     0 | D:1      | Reached XP level 1. HP: 13/13 MP: 2/2
    49 | D:1      | Slain by a gnoll

Illustrated notes

Levels and vault maps discovered:
D:1:      minmay_arrival_plants_in_alcoves, layout_rooms, nicolae_titane

Action                   || total
-------------------------++-------
Melee: Dagger            ||    10
Armor: Robe              ||     7
Dodge: Dodged            ||     7
Block: Buckler           ||     2

Table legend: (Time is in decaauts)
 A = Elapsed time spent in this place.
 B = Non-inter-level travel time spent in this place.
 C = Inter-level travel time spent in this place.
 D = Time resting spent in this place.
 E = Time spent auto-exploring this place.
 F = Levels seen in this place.
 G = Mean time per level.
                   A        B        C        D        E       F      G
               +--------+--------+--------+--------+--------+-----+--------+
         Total |     49 |     49 |      0 |      0 |     26 |   1 |   49.0 |
       Dungeon |     49 |     49 |      0 |      0 |     26 |   1 |   49.0 |
               +--------+--------+--------+--------+--------+-----+--------+

Top non-repeatable levels by time:
     D:1: 49 daAuts
